 Dungeon Crawl Stone Soup version 0.29.1-12-g30fa7ad0bf (webtiles) character file.

Game seed: 13191344403975185697

201 booth the Chopper (level 5, -5/41 HPs)
             Began as a Demonspawn Gladiator on Jan 3, 2023.
             Slain by Terence
             ... wielding a +4 falchion of holy wrath
              (7 damage)
             ... on level 2 of the Dungeon.
             The game lasted 00:08:39 (1661 turns).

booth the Chopper (Demonspawn Gladiator)            Turns: 1661, Time: 00:08:40

Health: -5/41      AC:  4    Str: 16    XL:     5   Next: 50%
Magic:  5/5        EV: 12    Int:  9    God:
Gold:   75         SH:  0    Dex: 15    Spells: 4/4 levels left

rFire   + . .      SeeInvis .   a - +0 war axe (elec)
rCold   + . .      Faith    .   (no shield)
rNeg    . . .      Spirit   .   b - +0 leather armour
rPois   +          Reflect  .   c - +0 helmet
rElec   +          Harm     .   (no cloak)
rCorr   +          Rampage  .   (no gloves)
Will    .....                   (no boots)
Stlth   +.........              (no amulet)
HPRegen 0.13/turn               (no ring)
MPRegen 0.18/turn               (no ring)

@: resistant
A: hooves 2, powered by pain 1, magic regeneration
a: no special abilities


You were on level 2 of the Dungeon.
You visited 1 branch of the dungeon, and saw 2 of its levels.

You collected 75 gold pieces.

Inventory:

Hand Weapons
 a - a +0 war axe of electrocution (weapon)
 f - a +0 mace
Missiles
 d - 3 throwing nets (quivered)
Armour
 b - a +0 leather armour (worn)
 c - a +0 helmet (worn)
Potions
 j - a potion of flight {unknown}


   Skills:
 + Level 3.0 Fighting
 + Level 4.5 Axes
 + Level 1.9 Throwing
 + Level 2.1 Armour
 - Level 2.7 Dodging
 + Level 0.1 Stealth


You had 4 spell levels left.
You didn't know any spells.
Your spell library was empty.

Dungeon Overview and Level Annotations

Branches:
Dungeon (2/15)

Altars:

Annotations:
D:2 Terence


Innate Abilities, Weirdness & Mutations

You have hoof-like feet.
You sometimes gain a little power by taking damage.
You regenerate magic rapidly.


Message History

Your adder bites the adder.
The adder dies!
You start resting.
Your adder dissolves into shadows!
HP restored.
You start waiting.
Done waiting.
Items here: ) [ ÷÷.
Okay, then.
g - a scroll labelled PECSAK JOSHRYLO
There is a stone staircase leading down here.
You now have 75 gold pieces (gained 11).
As you read the scroll labelled PECSAK JOSHRYLO, it crumbles to dust.
You hear a loud clanging noise!
It was a scroll of noise.
You hear a shout!
You hear an angry hiss. x2
You start waiting.
Terence the Incautious comes into view.
He is wielding a +4 falchion of holy wrath.
Throw: javelin
Press: ? - help, Q - select action, (/) - cycle Shift-Dir - straight line, f - Terence
Aim: Terence, wielding a +4 falchion of holy wrath and wearing a +0 chain mail (67% to hit)
You throw a javelin. The javelin closely misses Terence.
It was a potion of resistance.
You feel protected.
You hit Terence. You kick Terence, but do no damage.
Terence is lightly wounded.
Terence hits you with a +4 falchion of holy wrath!
You convulse.
You hit Terence but do no damage. You kick Terence, but do no damage.
Terence is lightly wounded.
Terence hits you with a +4 falchion of holy wrath.
You convulse.
You closely miss Terence.
Terence is lightly wounded.
Terence hits you with a +4 falchion of holy wrath!
* * * LOW HITPOINT WARNING * * *
You convulse!
* * * LOW HITPOINT WARNING * * *
Terence hits you with a +4 falchion of holy wrath!
You die...

### #.. # #.# .##
### #.# ##.. #.##
#.# ..#
#..###.###>.####
#......#(.# ...##
#.###...#.##.#..#
#@@....>....)....
###^.............
#..............
#..............
#..............
#..............
##).....÷......
##.....#....<.
###..)######.


You could see Terence.

Vanquished Creatures
  Sigmund (D:2)
  A dart slug (D:2)
  4 ball pythons (D:1)
  2 bats
  2 endoplasms
  A giant cockroach (D:1)
  4 goblins
  A hobgoblin (D:1)
  3 quokkas
  3 frilled lizards
  5 kobolds
  6 rats
33 creatures vanquished.

Vanquished Creatures (collateral kills)
  An adder (D:2)
1 creature vanquished.

Grand Total: 34 creatures vanquished

Notes
Turn   | Place    | Note
-------+----------+-------------------------------------------
     0 | D:1      | booth the Demonspawn Gladiator began the quest for the Orb.
     0 | D:1      | Reached XP level 1. HP: 16/16 MP: 1/1
   430 | D:1      | Reached skill level 3 in Axes
   469 | D:1      | Gained mutation: You sometimes gain a little power by
                  | taking damage. [demonic ancestry]
   469 | D:1      | Reached XP level 2. HP: 17/22 MP: 2/2
  1205 | D:2      | Discovered your monstrous ancestry.
  1205 | D:2      | Gained mutation: You have large cloven feet. [demonic
                  | ancestry]
  1205 | D:2      | Reached XP level 3. HP: 28/28 MP: 3/3
  1234 | D:2      | Noticed Sigmund
  1250 | D:2      | Killed Sigmund
  1251 | D:2      | Reached skill level 4 in Axes
  1251 | D:2      | Gained mutation: You have hoof-like feet. [demonic
                  | ancestry]
  1251 | D:2      | Reached XP level 4. HP: 6/35 MP: 4/4
  1251 | D:2      | Gained mutation: You regenerate magic rapidly. [demonic
                  | ancestry]
  1251 | D:2      | Reached XP level 5. HP: 7/41 MP: 5/5
  1653 | D:2      | Noticed Terence
  1661 | D:2      | HP: 2/41 [Terence/+4 falchion of holy wrath (10)]
  1661 | D:2      | Slain by Terence

Illustrated notes

Levels and vault maps discovered:
D:1:      kennysheep_arrival_seaside, layout_loops_ring
D:2:      layout_rooms, st_stairs_7, uniq_sigmund, uniq_terence

Skill      XL: |  1  2  3 |
---------------+----------+-----
Axes           | 3 4 |  4.5
Fighting       | 3 |  3.0
Armour         | 2 |  2.1
Throwing       | |  1.9
Dodging        | |  2.7
Stealth        | |  0.1

Action                   |  1- 3 |  4- 6 || total
-------------------------+-------+-------++-------
Melee: War axe           |    77 |     3 ||    80
       Punch             |     1 |       ||     1
       Kick              |     3 |     2 ||     5
Throw: Javelin           |       |     1 ||     1
  Use: Scroll            |     3 |     1 ||     4
       Potion            |       |     1 ||     1
Armor: Leather armour    |    22 |       ||    22
Dodge: Dodged            |    45 |       ||    45
